 Dungeon Crawl Stone Soup version 0.29.1-14-g9c671dbff4 (webtiles) character file.

Game seed: 3200598263852802291

75 leafyfresh the Magician (level 4, -5/31 HPs)
             Began as a Djinni Ice Elementalist on Feb 18, 2023.
             Slain by Ijyb
             ... wielding a +5 spectral club
              (7 damage)
             ... on level 3 of the Dungeon.
             The game lasted 00:05:06 (3570 turns).

leafyfresh the Magician (Djinni Ice Elementalist)   Turns: 3570, Time: 00:05:06

Health: -5/31      AC:  4    Str:  7    XL:     4   Next: 55%
Gold:   112        EV: 13    Int: 19    God:
                   SH:  0    Dex: 13

rFire   + + .      SeeInvis .   f - +0 club
rCold   x . .      Faith    .   (no shield)
rNeg    . . .      Spirit   .   a - +0 robe
rPois   ∞          Reflect  .   (no helmet)
rElec   .          Harm     .   k - +0 cloak
rCorr   .          Rampage  .   b - +0 pair of gloves
Will    +....                   (boots unavailable)
Stlth   ++........              (no amulet)
HPRegen 0.10/turn               d - ring of willpower
MPRegen 0.00/turn               (no ring)

@: freezing walls, flying, very slightly contaminated
A: sickness immunity, fire resistance 2, cold vulnerability 1, float, innate
caster, HP casting, extra vitality 1
a: no special abilities


You were on level 3 of the Dungeon.
You visited 1 branch of the dungeon, and saw 3 of its levels.

You collected 112 gold pieces.

Inventory:

Hand Weapons
 f - a +0 club (weapon)
Armour
 a - a +0 robe (worn)
 b - a +0 pair of gloves (worn)
 k - a +0 cloak (worn)
 o - a +0 pair of gloves
Jewellery
 d - a ring of willpower (left hand)
Wands
 l - a wand of light (9)
 t - a wand of polymorph (10)
 u - a wand of roots (9)
Scrolls
 c - a scroll of immolation {unknown}
 h - 3 scrolls of identify {unknown}
 j - a scroll of vulnerability {unknown}
 m - a scroll of enchant weapon {unknown}
 n - 2 scrolls of poison {unknown}
 p - a scroll of brand weapon {unknown}
 r - a scroll of noise {unknown}
 s - a scroll of teleportation {unknown}
Potions
 e - a potion of attraction {unknown}
 g - a potion of heal wounds {unknown}
 i - a potion of flight
 q - a potion of degeneration {unknown}


   Skills:
 + Level 3.2 Dodging
 + Level 2.5 Stealth
 + Level 3.7 Spellcasting


You couldn't memorise any spells.
You knew the following spells:

 Your Spells              Type           Power      Damage    Failure   Level
a - Freeze                Ice            68%        1d8       3%          1
b - Frozen Ramparts       Ice            34%        1d6       9%          3
c - Ozocubu's Armour      Ice            17%        N/A       9%          3
d - Hailstorm             Conj/Ice       17%        3d6       30%         4
e - Apportation           Tloc           34%        N/A       3%          1
Your spell library was empty.

Dungeon Overview and Level Annotations

Branches:
Dungeon (3/15)

Altars:

Annotations:
D:3 Ijyb


Innate Abilities, Weirdness & Mutations

You are immune to sickness and miasma.
You are immune to poison.
Your flesh is very heat resistant. (rF++)
You are vulnerable to cold. (rC-)
You float through the air rather than walking.
You learn spells naturally, not from books.
Your magical power is your life essence.
You have superior vitality. (+4 MHP)


Message History

Casting: Frozen Ramparts (quite dangerous; 9% risk of failure)
Press: ? - help, Dir - look around, f - activate The walls around you are covered in ice.
The wall freezes Ijyb but does no damage.
Ijyb zaps a wand.
You resist with some effort.
Unknown command.
Casting: Frozen Ramparts (quite dangerous; 9% risk of failure)
Confirm with . or Enter, or press ? or * to list all spells.
Okay, then.
Casting: Frozen Ramparts (quite dangerous; 9% risk of failure)
Confirm with . or Enter, or press ? or * to list all spells.
The spell is quite dangerous to miscast (9% risk of failure)!
Continue anyway?
Okay, then.
Casting: Ozocubu's Armour (quite dangerous; 9% risk of failure)
Confirm with . or Enter, or press ? or * to list all spells.
The spell is quite dangerous to miscast (9% risk of failure)!
Continue anyway?
You miscast Ozocubu's Armour.
You are very lightly contaminated with residual magic.
Nothing appears to happen.
The wall freezes Ijyb but does no damage.
Ijyb hits you but does no damage.
Unknown command.
Unknown command.
Casting: Ozocubu's Armour (quite dangerous; 9% risk of failure)
Confirm with . or Enter, or press ? or * to list all spells.
Aiming: Freeze (safe; 3% risk of failure)
Press: ? - help, Shift-Dir - straight line, f - Ijyb
Aim: Ijyb, wielding a +5 spectral club, wearing a +0 ring mail and carrying a wand of mindburst (17)
You freeze Ijyb.
Ijyb is moderately wounded.
* * * LOW HITPOINT WARNING * * *
The wall freezes Ijyb but does no damage.
Ijyb hits you with a +5 spectral club!
* * * LOW HITPOINT WARNING * * *
Unknown command.
It was a potion of flight.
You feel more buoyant.
The wall freezes Ijyb but does no damage.
Ijyb hits you with a +5 spectral club!
You die...

. #.#.###.### ..
#.#.# #.# .### #.#.#
#.# ... #.#.###.#
#.###.#####.....#.#
..............#.#.#
.###...#.......#.#
########.#.#######.#
......g@.#.# #.#
########.#.# #.#
#.#.# #.# ###.# #.#
#.# #.# #.# #.# #.#
#.# #.# #.#


You could see Ijyb.

Vanquished Creatures
  An adder (D:2)
  A gnoll (D:1)
  2 worms
  A dart slug (D:3)
  5 endoplasms
  2 giant cockroaches
  2 goblins
  2 hobgoblins (D:1)
  8 jackals
  A quokka (D:1)
  2 ball pythons
  5 bats
  A frilled lizard (D:1)
  11 kobolds
  4 rats (D:1)
48 creatures vanquished.

Notes
Turn   | Place    | Note
-------+----------+-------------------------------------------
     0 | D:1      | leafyfresh the Djinni Ice Elementalist began the quest for
                  | the Orb.
     0 | D:1      | leafyfresh set off with the following spells memorised:
                  | Freeze, Frozen Ramparts, Ozocubu's Armour, Hailstorm.
     0 | D:1      | Reached XP level 1. HP: 15/15 MP: 0/0
   216 | D:1      | Reached XP level 2. HP: 16/21 MP: 0/0
   723 | D:1      | Reached XP level 3. HP: 21/25 MP: 0/0
   723 | D:1      | Learned a level 1 spell: Apportation
  1757 | D:2      | Found a faded altar of an unknown god.
  2146 | D:2      | Reached XP level 4. HP: 28/31 MP: 0/0
  3562 | D:3      | Noticed Ijyb
  3570 | D:3      | Slain by Ijyb

Illustrated notes

Levels and vault maps discovered:
D:1:      minmay_arrival_loop, layout_basic, serial_bayou_pond_b, st_stairs_6
D:2:      layout_basic, basic_altar, shapermc_ecumenical_altar_totnotflames,
          st_stairs_10, minmay_misc_feat_nine_boxes
D:3:      layout_basic, grunt_ministairs_7, uniq_ijyb

Skill      XL: |  1  2  3 |
---------------+----------+-----
Stealth        | 2 |  2.5
Dodging        | 3 |  3.2
Spellcasting   | |  3.7

Action                   |  1- 3 |  4- 6 || total
-------------------------+-------+-------++-------
Melee: Unarmed           |     5 |       ||     5
       Club              |    35 |    16 ||    51
       Punch             |     1 |     1 ||     2
 Cast: Freeze            |    42 |     8 ||    50
       Frozen Ramparts   |     3 |     5 ||     8
       Hailstorm         |       |     3 ||     3
  Use: Potion            |       |     1 ||     1
 Stab: Sleeping          |     2 |     1 ||     3
       Distracted        |     1 |       ||     1
Armor: Robe              |    33 |    14 ||    47
Dodge: Dodged            |    52 |    22 ||    74
